 Dungeon Crawl Stone Soup version 0.26.1-11-gd32895ea62 (webtiles) character file.

Game seed: 6176847056481491379

1388 Almogavar the Digger (level 8, -2/46 HPs)
             Began as a Gargoyle Earth Elementalist on May 16, 2021.
             Was a Follower of Nemelex Xobeh.
             Slain by an orc warrior
             ... wielding a +0 battleaxe
              (18 damage)
             ... on level 6 of the Dungeon.
             The game lasted 00:26:05 (6228 turns).

Almogavar the Digger (Gargoyle Earth Elementalist)  Turns: 6228, Time: 00:26:06

Health: -2/46      AC: 11    Str: 19    XL:     8   Next: 67%
Magic:  11/15      EV: 12    Int: 17    God:    Nemelex Xobeh [*.....]
Gold:   191        SH:  5    Dex: 10    Spells: 12/16 levels left

rFire    + . .     SeeInvis .   g - +4 whip
rCold    + . .     Faith    .   (no shield)
rNeg     + . .     Spirit   .   B - +2 leather armour {rF+}
rPois    ∞         Reflect  +   (no helmet)
rElec    +         Harm     .   u - +0 cloak
rCorr    .         Rampage  .   (no gloves)
Will     .....                  (no boots)
Stlth    ++........             n - amulet of reflection
HPRegen  0.15/turn              w - +6 ring of strength
MPRegen  0.14/turn              m - ring of protection from cold

@: mighty
A: negative energy resistance 1, electricity resistance, unbreathing,
petrification resistance, miasma immunity, AC +5
a: Renounce Religion, Draw Escape, Draw Destruction, Draw Summoning


You were on level 6 of the Dungeon.
You worshipped Nemelex Xobeh.
Nemelex Xobeh was aware of your devotion.
You visited 2 branches of the dungeon, and saw 8 of its levels.

You collected 236 gold pieces.
You spent 45 gold pieces at shops.

Inventory:

Hand Weapons
 g - a +4 whip (weapon)
 t - a +0 whip of flaming
Missiles
 b - 106 stones
Armour
 c - a +0 scale mail
 h - a +0 chain mail
 u - a +0 cloak (worn)
 B - a +2 leather armour of fire resistance (worn)
Jewellery
 d - an uncursed amulet of the acrobat
 m - a ring of protection from cold (right hand)
 n - an amulet of reflection (around neck)
 w - a +6 ring of strength (left hand)
Scrolls
 a - a scroll of magic mapping
 f - 4 scrolls of remove curse
 o - 2 scrolls of amnesia {unknown}
 p - 3 scrolls of fog
 q - 4 scrolls of teleportation
 s - 2 scrolls of blinking {unknown}
 v - a scroll of enchant weapon {unknown}
 x - 2 scrolls of enchant armour {unknown}
 y - a scroll of brand weapon {unknown}
Potions
 i - a potion of heal wounds
 j - a potion of curing
 k - a potion of degeneration {unknown}
 l - 2 potions of brilliance {unknown}
 r - a potion of resistance {unknown}
 A - a potion of magic {unknown}


   Skills:
 + Level 3.1 Fighting
 + Level 3.6 Maces & Flails
 + Level 2.1 Armour
 + Level 3.1 Dodging
 + Level 3.3 Stealth
 + Level 2.0 Shields
 + Level 4.9 Spellcasting
 + Level 0.7 Transmutations
 + Level 7.5 Earth Magic


You had 12 spell levels left.
You knew the following spells:

 Your Spells              Type           Power        Failure   Level
a - Sandblast             Erth           58%          1%          1
b - Stone Arrow           Conj/Erth      34%          11%         3

Your spell library contained the following spells:

 Spells                   Type           Power        Failure   Level
 Passwall                 Tmut/Erth      15%          4%          2
 Animate Skeleton         Necr           8%           17%         1
 Apportation              Tloc           8%           17%         1
 Corona                   Hex            4%           17%         1
 Foxfire                  Conj/Fire      16%          17%         1
 Summon Small Mammal      Summ           16%          17%         1
 Lee's Rapid Deconstruct  Erth           14%          22%         5
 Petrify                  Tmut/Erth      18%          30%         4
 Conjure Flame            Conj/Fire      4%           45%         3
 Inner Flame              Hex/Fire       4%           45%         3
 Sticky Flame             Conj/Fire      4%           86%         4
 Fireball                 Conj/Fire      2%           99%         5


Dungeon Overview and Level Annotations

Branches:
Dungeon (7/15)             Temple (1/1) D:6

Altars:
Ashenzari
Cheibriados
Dithmenos
Elyvilon
Fedhas
Gozag
Hepliaklqana
Kikubaaqudgha
Makhleb
Nemelex Xobeh
Okawaru
Ru
Sif Muna
Trog
Uskayaw
Vehumet
Wu Jian
Xom
Yredelemnul

Shops:
D:4 [


Innate Abilities, Weirdness & Mutations

You are resistant to torment.
Your stone body is resilient. (AC +5)
You are immune to poison.
You resist negative energy. (rN+)
You are resistant to electric shocks. (rElec)
You can survive without breathing.
You are immune to petrification.
You are immune to miasma.


Message History

The orc warrior barely misses you.
You completely miss the orc warrior.
The orc warrior is moderately wounded.
You block the orc warrior's attack.
You closely miss the orc warrior.
The orc warrior is moderately wounded.
The orc warrior hits you with a +0 battleaxe!!
* * * LOW HITPOINT WARNING * * *
You feel much better.
You hit the orc warrior.
The orc warrior is heavily wounded.
The orc warrior closely misses you.
You hit the orc warrior but do no damage.
The orc warrior is heavily wounded.
The orc warrior hits you with a +0 battleaxe!!
Ouch! That really hurt!
You feel very mighty all of a sudden.
The orc warrior hits you with a +0 battleaxe!!
You die...
Your body glows slightly and disappears.

#..#.....##.#....#####.........
#......##.....<..# #.........
#..[...###..##...# ##........
##.....# ##..##.## ##........
###.### ##..##..# #.........
### ##.......#####.........
#..)...................
##..).....###..........
#....@#.###...........
#...o#..#..........##.
##......##.........##.
#.......#..##.........
#...#..##..#..........
##...#..........###....
#....#..........##.....
###....................
###..................


You could see an orc warrior.

Vanquished Creatures
  Sigmund (D:2)
  A phantom (D:3)
  An ogre (D:2)
  2 bullfrogs (D:6)
  2 scorpions (D:4)
  A centaur zombie (D:5)
  A jelly (D:4)
  4 orc priests
  A hound (D:6)
  7 orc wizards
  2 iguanas
  6 worker ants
  A killer bee zombie (D:5)
  A howler monkey zombie (D:6)
  4 adders
  A shadow imp (D:5)
  3 ufetubi (D:5)
  An ooze (D:3)
  5 worms
  A dart slug (D:3)
  4 leopard geckos
  35 orcs
  2 giant cockroaches
  3 goblins
  5 hobgoblins
  9 jackals
  11 kobolds
  4 quokkas
  6 bats
  4 frilled lizards
  A leopard gecko skeleton (D:5)
  5 rats
135 creatures vanquished.

Vanquished Creatures (others)
  12 plants (D:4)
12 creatures vanquished.

Grand Total: 147 creatures vanquished

Notes
Turn   | Place    | Note
-------+----------+-------------------------------------------
     0 | D:1      | Almogavar the Gargoyle Earth Elementalist began the quest
                  | for the Orb.
     0 | D:1      | Reached XP level 1. HP: 10/10 MP: 3/3
   477 | D:2      | Reached skill level 4 in Earth Magic
   477 | D:2      | Reached XP level 2. HP: 12/15 MP: 5/5
   617 | D:2      | Found a bloodstained altar of Trog.
   650 | D:2      | Reached XP level 3. HP: 10/19 MP: 2/6
   971 | D:2      | Noticed an ogre
   990 | D:2      | Killed an ogre
   991 | D:2      | Reached skill level 5 in Earth Magic
   991 | D:2      | Reached XP level 4. HP: 22/24 MP: 3/8
  1073 | D:2      | Reached XP level 5. HP: 27/28 MP: 9/9
  1275 | D:2      | Noticed Sigmund
  1288 | D:2      | Killed Sigmund
  1289 | D:2      | Reached skill level 1 in Maces & Flails
  1289 | D:2      | Reached skill level 6 in Earth Magic
  1289 | D:2      | Reached XP level 6. HP: 32/32 MP: 6/11
  1388 | D:2      | Found a shadowy altar of Dithmenos.
  1594 | D:2      | Learned a level 3 spell: Stone Arrow
  1913 | D:3      | Reached XP level 7. HP: 33/36 MP: 6/12
  2536 | D:3      | You fall into a shaft and drop 3 floors!
  2536 | D:6      | Found a staircase to the Ecumenical Temple.
  2551 | Temple   | Entered the Ecumenical Temple
  2774 | Temple   | Became a worshipper of Nemelex Xobeh the Trickster
  2867 | D:6      | Reached skill level 1 in Armour
  2931 | D:6      | Reached skill level 1 in Fighting
  3027 | D:5      | Entered Level 5 of the Dungeon
  3027 | D:5      | Found a broken altar of Ashenzari.
  3113 | D:4      | Found a sacrificial altar of Ru.
  3132 | D:3      | Found an ornate altar of the Wu Jian Council.
  3522 | D:4      | Found Veraan's Armour Shoppe.
  3527 | D:4      | Bought a +0 cloak for 45 gold pieces
  3543 | D:4      | Reached skill level 1 in Shields
  3666 | D:4      | Reached XP level 8. HP: 43/43 MP: 12/14
  3695 | D:4      | Reached skill level 7 in Earth Magic
  4031 | D:4      | Found a hazy altar of Hepliaklqana.
  4070 | D:4      | Found a hazy altar of Hepliaklqana.
  4990 | D:5      | Reached * piety under Nemelex Xobeh
  5823 | D:6      | Found a burning altar of Makhleb.
  5885 | D:6      | Received a gift from Nemelex Xobeh
  6017 | D:6      | Found a hazy altar of Hepliaklqana.
  6207 | D:7      | Found a blossoming altar of Fedhas.
  6228 | D:6      | Slain by an orc warrior

Illustrated notes

Levels and vault maps discovered:
D:1:      lightli_arrival_boilingwater, layout_rooms
D:2:      layout_rooms, lemuel_round_altar, nicolae_overflow_crystal_walls,
          uniq_sigmund
D:3:      layout_loops_ring, nicolae_overflow_hidden_temple,
          pdpol_wu_jian_five_deadly_venoms
D:4:      layout_loops_ring, nicolae_ru_awakened_eye,
          nzn_hepliaklqana_mist_gate, serial_shops, shop, serial_bayou,
          serial_bayou_crossing, serial_bayou_pond_e, serial_bayou_lagoon_a,
          serial_bayou_pond_c, kennysheep_small_circle
D:5:      layout_loops_corners, overflow_temple_1_default, grunt_ministairs_2,
          kennysheep_generic_room_13
D:6:      layout_cave_pools, marbit_many_paths, minmay_temple_entry_mini_moons,
          basic_altar
D:7:      layout_basic, lemuel_crystal_altar, kennysheep_little_box,
          trog_hazing_becter, uniq_maggie
Temple:   minmay_temple_curvy_loop

Skill      XL: |  1  2  3  4  5  6  7  8 |
---------------+-------------------------+-----
Earth Magic    | 4 5 6 7 |  7.5
Spellcasting   | 3 4 |  4.9
Maces & Flails | 1 2 3 |  3.6
Dodging        | 2 3 |  3.1
Stealth        | 3 |  3.3
Armour         | 1 2 |  2.1
Fighting       | 1 3 |  3.1
Shields        | 1 2 |  2.0
Transmutations | |  0.7

Action                   |  1- 3 |  4- 6 |  7- 9 || total
-------------------------+-------+-------+-------++-------
Melee: Whip              |    17 |    61 |   292 ||   370
 Cast: Sandblast         |    22 |    26 |    60 ||   108
  Use: Scroll            |     1 |     5 |     5 ||    11
       Potion            |       |       |     2 ||     2
 Stab: Sleeping          |       |     1 |       ||     1
Armor: Robe              |    17 |     7 |       ||    24
       Leather armour    |       |    15 |    85 ||   100
Dodge: Dodged            |    23 |    36 |   141 ||   200
Block: Other             |       |    12 |    56 ||    68
       Reflection        |       |       |     2 ||     2
